AoeStats
← [PSCH] R!ce

Arabia

509340249Analyzed
1v1 RM · 6d ago on Sep 26, 2026· 47m 14s· 2 players
Game mode
Random Map
Map size
Tiny (2 player)
Population
200
Speed
Normal
Resources
Standard
Victory
Conquest
Starting age
Dark Age
Ending age
Imperial Age
RankedLock teamsTeams togetherTeam positionsShared explorationLock speedFull tech treeHidden civsTurbo modeCheats
Victory
Defeat
🇨🇭 Varangians · Switzerland
1513
+18
🇧🇴 Khmer · Bolivia
1548
-18
[PSCH] R!ce
6:21 Loom
8:56 Feudal Age
9:53 Double-Bit Axe
14:29 Wheelbarrow
18:08 Castle Age
17:19 Bloodlines
17:15 Scale Barding Armor
17:21 Forging
18:06 Horse Collar
22:08 Chain Barding Armor
28:09 Devotion
30:41 Iron Casting
37:11 Bow Saw
38:11 Vendel Legacy
42:47 Imperial Age
41:29 Fletching
42:06 Scale Mail Armor
41:40 Pikeman
43:25 Squires
43:11 Arson
43:07 Elite Varangian Guard
44:33 Chain Mail Armor
45:43 Plate Mail Armor
Henry.LD
9:13 Loom
10:58 Feudal Age
15:15 Castle Age
13:34 Double-Bit Axe
15:14 Horse Collar
16:11 Wheelbarrow
17:24 Bow Saw
17:33 Husbandry
22:26 Bloodlines
24:05 Forging
25:06 Scale Barding Armor
27:18 Iron Casting
27:55 Chain Barding Armor
35:31 Scale Mail Armor
35:04 Pikeman
38:49 Imperial Age
37:36 Chain Mail Armor
40:47 Blast Furnace
39:10 Halberdier
43:06 Cavalier
Connection lost

Rejoining the realm…

Still unreachable

The connection could not be restored.

Session expired

The server has moved on; the page needs a fresh start.